Map: Miner Evacuation

Players

NamroodTuo

  • Race: Terran Terran

Nirknet

  • Race: Zerg Zerg
  • Spawn Location: 7:00

VOD

Have the link to the VOD?

Description

Time

  • Played on: April 14, 2023, 1:52 p.m.
  • Length: 30:22
Show
View Real Time Build Order
Export as new Build Order

NamroodTuo Terran 

Build Orders:  

Get SALT Encoding   

  12  0:02  SCV  
  13  0:19  SCV  
  14  0:36  SCV  
  15  0:43  Refinery  
  15  0:53  SCV, Refinery  
  16  1:05  Engineering Bay  
  16  1:10  SCV  
  17  1:27  SCV  
  18  1:44  SCV  
  19  1:59  Gunslingers Hideout  
  19  2:01  SCV  
  19  2:08  Outlaw Weapons Level 1  
  20  2:18  SCV  
  21  2:35  SCV  
  22  2:47  Auto-Turret  
  22  2:52  SCV  
  23  3:01  Tychus  
  23  3:09  SCV  
  24  3:26  SCV  
  24  3:28  Auto-Turret  
  25  3:43  SCV  
  26  3:57  Auto-Turret  
  26  3:59  SCV  
  27  4:10  Outlaw Life and Armor Level 1  
  27  4:16  SCV  
  28  4:27  Medivac Platform  
  28  4:33  SCV  
  29  4:57  Muscle Armory  
  29  5:45  Kev Rattlesnake West  
  39  6:10  Outlaw Weapons Level 2  
  39  6:25  Auto-Turret  
  39  6:28  Auto-Turret  
  39  8:37  Crooked Sam  
  49  8:55  Command Center  
  49  8:56  Auto-Turret  
  49  9:25  Auto-Turret  
  49  9:47  Outlaw Life and Armor Level 2  
  49  9:56  SCV  
  50  10:06  Fixers Safehouse  
  50  11:36  Miles Blaze Lewis  
  60  11:51  SCV  
  61  12:03  Refinery  
  61  12:07  Outlaw Weapons Level 3  
  61  12:08  SCV  
  62  12:25  SCV  
  63  12:42  SCV  
  64  12:58  SCV  
  65  13:10  Auto-Turret  
  65  13:15  SCV  
  66  13:32  SCV  
  66  13:37  Auto-Turret  
  67  13:49  SCV  
  68  14:04  Auto-Turret  
  68  14:06  SCV  
  69  14:30  Auto-Turret  
  69  14:43  SCV  
  69  14:47  Flashforce GDM Visor  
  50  15:00  Auto-Turret, SCV  
  61  15:17  SCV  
  52  15:27  Auto-Turret  
  62  15:34  SCV  
  63  15:51  SCV  
  63  15:56  Auto-Turret  
  74  16:09  SCV  
  75  16:15  Nux  
  75  16:16  Refinery  
  75  16:17  Outlaw Life and Armor Level 3  
  85  16:21  Auto-Turret  
  85  16:26  SCV  
  86  16:43  SCV  
  103  17:00  SCV  
  88  17:16  SCV  
  89  17:50  Crystalline Amplifiers  
  89  17:51  T4 Cloudburst Shells, Ultrasonic Boosters  
  79  20:54  Wildflame Fuel Additives, Secret Stash Stimpack  
  79  20:55  Moebius Aggression Blend  
  79  20:56  Hades Oil  
  89  21:21  Procyon Shade Suit  
  89  21:58  Kel-Morian Ripper Rounds  
  89  23:05  Vanadium Shell  
  89  23:06  Moebius Restraint Matrix  
  89  24:58  KD9a Implosion Core  
  89  24:59  LarsCorp G7 Charges  
  89  25:01  Umojan Signal Modulator, High Capacity Containers  
Show
View Real Time Build Order
Export as new Build Order

Nirknet Zerg 

Build Orders:  

Get SALT Encoding   

  12  0:05  Drone  
  13  0:20  Drone  
  13  0:27  Overlord  
  14  0:50  Extractor, Drone  
  14  0:54  Drone  
  14  0:55  Drone x2  
  17  1:06  Drone x2  
  19  1:36  Roach Warren  
  19  1:37  Drone  
  19  1:38  Drone x2  
  21  1:55  Overlord  
  21  2:12  Queen  
  21  2:22  Roach x3  
  29  2:55  Overlord, Queen  
  29  3:15  Evolution Chamber  
  30  3:25  Drone x3  
  30  3:26  Drone x2  
  35  3:46  Overlord x2  
  35  3:54  Roach  
  37  4:29  Roach x2  
  41  4:30  Roach x2  
  45  4:41  Lair  
  45  4:54  Zerg Missile Weapons Level 1  
  45  5:33  Extractor, Drone x2  
  45  5:34  Drone  
  47  6:03  Glial Reconstitution  
  47  6:12  Queen  
  31  6:52  Queen  
  29  7:14  Roach x3  
  29  7:15  Roach x4  
  45  7:21  Queen  
  45  7:34  Bio-Mechanical Transfusion  
  47  7:50  Overlord  
  47  7:51  Queen  
  47  7:56  Tunneling Claws  
  49  9:11  Drone  
  49  9:17  Overlord x3  
  49  9:18  Overlord x5  
  50  9:41  Spire  
  49  10:34  Roach, Mutalisk x4  
  49  10:35  Roach x4  
  67  10:49  Unknown  
  67  11:55  Rapid Regeneration  
  67  12:55  Zerg Flyer Weapons Level 1  
  67  13:54  Overseer  
  67  14:16  Drone x2  
  67  14:17  Drone  
  70  15:04  Extractor x2  
  70  15:05  Hatchery  
  67  15:14  Drone x3  
  67  15:17  Drone x2  
  67  15:18  Drone  
  73  15:20  Drone x2  
  73  15:21  Drone  
  76  15:35  Vicious Glave  
  74  16:11  Queen x2  
  74  16:36  Roach x5  
  74  16:37  Roach  
  74  16:39  Mutalisk x3  
  96  16:40  Mutalisk x3  
  96  16:41  Queen x2  
  106  17:59  Zerg Missile Weapons Level 2  
  98  19:18  Mutalisk  
  98  19:31  Queen x2  
  94  19:46  Leviathan  
  88  19:54  Mutalisk  
  88  19:55  Mutalisk x4  
  102  20:01  Queen x2  
  102  20:12  Zerg Flyer Armor Level 1  
  106  20:31  Queen x2  
  110  21:01  Queen  
  110  21:02  Drone x3  
  110  21:03  Drone x4  
  110  21:04  Drone  
  110  21:05  Queen x8  
  110  21:09  Overlord x2, Zerg Ground Armor Level 1  
  118  21:10  Overlord x5  
  118  21:11  Overlord  
  118  21:28  Roach x15, Infestation Pit  
  119  22:14  Mutalisk x5  
  119  22:15  Mutalisk  
  131  22:36  Hive  
  131  22:52  Zerg Flyer Weapons Level 2  
  131  23:49  Incubation Chamber  
  131  23:59  Queen  
  131  24:29  Queen x2  
  135  24:59  Queen x2  
  139  27:21  Roach  
  139  27:43  Brutalisk  
  139  29:42  Roach  
  136  30:04  Brutalisk  
Tags
 
Commander
AbathurTychus
Matchup
Co-op
Replay Pack
Multiplayer
Add a new tag
Caveats
  • Supply blocks, unpowered buildings, or Contaminate may cause inaccurate times.
  • Supply counts are checked every 10 seconds.